 Dungeon Crawl Stone Soup version 0.23-a0-677-g07611c5 (webtiles) character file.

53 Amnesiac the Insei (level 3, 0/24 HPs)
             Began as an Octopode Transmuter on Jan 9, 2019.
             Succumbed to a worker ant's poison
             ... on level 4 of the Dungeon.
             The game lasted 00:02:41 (635 turns).

Amnesiac the Insei (Octopode Transmuter)             Turns: 635, Time: 00:02:42

Health: 0/24       AC:  1    Str:  9    XL:     3   Next: 87%
Magic:  1/7        EV: 13    Int: 15    God:
Gold:   20         SH:  0    Dex: 13    Spells: 1/7 levels left

rFire    . . .     SeeInvis .     - Unarmed
rCold    . . .     Gourm    .   (no shield)
rNeg     . . .     Faith    .   (helmet restricted)
rPois    .         Spirit   .   (no amulet)
rElec    .         Reflect  .   (no ring)
rCorr    .         Harm     .   (no ring)
MR       .....                  (no ring)
Stlth    ++........             (no ring)
HPRegen  0.08/turn              (no ring)
MPRegen  0.10/turn              (no ring)
                                (no ring)
                                (no ring)

@: lethally poisoned (0 -> -25), very slightly contaminated
A: almost no armour, stealthy swim, amphibious, 8 rings, constrict 8, camouflage
1, gelatinous body 1
a: no special abilities


You were on level 4 of the Dungeon.
You were not hungry.

You visited 1 branch of the dungeon, and saw 4 of its levels.

You collected 20 gold pieces.

Inventory:

Missiles
 a - 20 arrows
Scrolls
 d - a scroll of identify {!r, unknown}
 e - a scroll of magic mapping {!r, unknown}
 f - a scroll of enchant weapon {!r, unknown}
Potions
 b - a potion of curing {!q}
Comestibles
 c - a ration


   Skills:
 + Level 2.1 Fighting
 - Level 2.0 Dodging
 - Level 3.0 Unarmed Combat
 - Level 2.6 Spellcasting
 - Level 2.8 Transmutations


You had one spell level left.
You knew the following spells:

 Your Spells              Type           Power        Failure   Level  Hunger
a - Beastly Appendage     Tmut           ##....       6%          1    #......
b - Sticks to Snakes      Tmut           ##......     10%         2    ##.....
e - Spider Form           Tmut/Pois      #.........   34%         3    ###....

Your spell library contained the following spells:

 Spells                   Type           Power        Failure   Level  Hunger
 Ice Form                 Ice/Tmut       #.......     75%         4    #####..
 Blade Hands              Tmut           ##........   87%         5    ######.


Dungeon Overview and Level Annotations

Branches:
Dungeon (4/15)
 Temple: D:4-7

Altars:
Makhleb

Annotations:
D:2 Sigmund


Innate Abilities, Weirdness & Mutations

You cannot wear most types of armour.
You are very stealthy in the water. (Stealth+)
You are amphibious.
You can wear up to eight rings at the same time.
You can use your tentacles to constrict eight enemies at once.
Your skin changes colour to match your surroundings (Stealth+).
Your rubbery body absorbs attacks. (AC +1, EV +1)


Message History

Your transformation has ended.
The worker ant twitches its antennae in your direction.
Found 2 puce potions.
Casting: Spider Form (safe; 34% risk of failure)
Confirm with . or Enter, or press ? or * to list all spells.
You miscast Spider Form.
You are very lightly contaminated with residual magic.
The air around you crackles with energy!
Casting: Spider Form (safe; 34% risk of failure)
Confirm with . or Enter, or press ? or * to list all spells.
You don't have enough magic to cast that spell.
You see here 18 stones.
Casting: Spider Form (safe; 34% risk of failure)
Confirm with . or Enter, or press ? or * to list all spells.
You create a snake!
You now have 20 arrows.
The worker ant barely misses you.
You barely miss the worker ant. The worker ant barely misses you.
Your ball python grabs the worker ant.
Your ball python constricts the worker ant.
You tentacle-slap the worker ant but do no damage.
You squeeze the worker ant.
The worker ant is lightly wounded.
The worker ant bites you.
Your ball python constricts the worker ant.
You tentacle-slap the worker ant.
The worker ant is lightly wounded.
The worker ant bites you.
* * * LOW HITPOINT WARNING * * *
You are poisoned.
The worker ant poisons you!
Your ball python constricts the worker ant.
You tentacle-slap the worker ant.
The worker ant is moderately wounded.
You feel sick. The worker ant barely misses you.
Your ball python constricts the worker ant.
You tentacle-slap the worker ant but do no damage.
The worker ant is heavily wounded.
The worker ant closely misses you.
Your ball python constricts the worker ant.
You tentacle-slap the worker ant.
The worker ant is severely wounded.
You feel sick. The worker ant closely misses you.
Your ball python constricts the worker ant.
The worker ant barely misses you.
You tentacle-slap the worker ant but do no damage.
You squeeze the worker ant, but do no damage.
The worker ant is severely wounded.
Your ball python constricts the worker ant.
The worker ant bites you.
* * * LOW HITPOINT WARNING * * *
You are more poisoned.
The worker ant poisons you!
Your ball python constricts the worker ant.
You tentacle-slap the worker ant but do no damage.
The worker ant is severely wounded.
* * * LOW HITPOINT WARNING * * *
You feel sick. The worker ant bites you.
* * * LOW HITPOINT WARNING * * *
You are more poisoned.
The worker ant poisons you!
Your ball python constricts the worker ant.
You tentacle-slap the worker ant but do no damage.
You squeeze the worker ant, but do no damage.
The worker ant is severely wounded.
You die...

..... ######## ..#.#
#......## ..)#
#.......####..##
#..............# .#...
##########.####.##
..!.#
......>###..###..##...#
.......##......a@.....#
###.#.......#(##S....##
#.....#...##!.##.#
#.......#.....##.#
#...#.#.#........##
#..##.#.#.........#
#..#..#.............
#..#.#..#.##.#....#.
#..#.#.##.#..#......


You could see a worker ant and a friendly ball python.

Vanquished Creatures
  A worker ant (D:4)
  An adder (D:2)
  A worm (D:3)
  A dart slug (D:3)
  2 giant cockroaches (D:3)
  A goblin (D:3)
  A hobgoblin (D:1)
  A bat (D:2)
  2 kobolds (D:2)
  A rat (D:3)
12 creatures vanquished.

Vanquished Creatures (collateral kills)
  An adder (D:3)
1 creature vanquished.

Grand Total: 13 creatures vanquished

Notes
Turn   | Place    | Note
-------+----------+-------------------------------------------
     0 | D:1      | Amnesiac the Octopode Transmuter began the quest for the
                  | Orb.
     0 | D:1      | Reached XP level 1. HP: 13/13 MP: 3/3
    32 | D:2      | Noticed Sigmund
    40 | D:2      | Found a burning altar of Makhleb.
   241 | D:2      | Reached XP level 2. HP: 4/18 MP: 5/5
   255 | D:2      | Learned a level 2 spell: Sticks to Snakes
   343 | D:3      | Reached XP level 3. HP: 18/24 MP: 3/6
   561 | D:3      | Learned a level 3 spell: Spider Form
   635 | D:4      | Succumbed to a worker ant's poison

Vault maps used:
D:1:      minmay_arrival_doors
D:2:      bloody_makhleb, nrook_mini_backslash, uniq_sigmund
D:3:      nicolae_dithmenos_shadow_blocks
D:4:      yredelemnul_altar_generic, first_ration, minivault_5

Skill      XL: |  1  2  3 |
---------------+----------+-----
Fighting       | 2 |  2.1
Dodging        | |  2.0
Unarmed Combat | |  3.0
Spellcasting   | |  2.6
Transmutations | |  2.8

Action                   || total
-------------------------++-------
Melee: Unarmed           ||    49
       Constrict         ||    10
       Tentacles         ||    10
       Punch             ||     1
 Cast: Sticks to Snakes  ||     2
       Spider Form       ||     1
  Use: Potion            ||     1
Armor: Skin              ||     6
Dodge: Dodged            ||    28

Table legend:
 A = Non-vault XP
 B = Vault XP
 C = Vault XP percentage of total XP
 D = Non-vault monster count
 E = Vault monster count
 F = Vault count percentage of total count
                 A         B        C        D         E       F
            +---------+---------+-------+---------+---------+-------
      Total |      76 |       0 |   0.0 |      13 |       0 |   0.0
            +---------+---------+-------+---------+---------+-------
        D:1 |       2 |       0 |   0.0 |       1 |       0 |   0.0
        D:2 |      18 |       0 |   0.0 |       4 |       0 |   0.0
        D:3 |      24 |       0 |   0.0 |       7 |       0 |   0.0
        D:4 |      32 |       0 |   0.0 |       1 |       0 |   0.0
            +---------+---------+-------+---------+---------+-------
